 Dungeon Crawl Stone Soup version 0.29-a0-802-g34511f41fd (webtiles) character file.

Game seed: 10207290095624987184

132 lesbiats the Shooter (level 4, 0/38 HPs)
             Began as a Minotaur Hunter on July 3, 2022.
             Was a Believer of Fedhas.
             Slain by a gnoll
             ... wielding a +0 halberd
             ... led by a gnoll bouda
              (7 damage)
             ... on level 3 of the Dungeon.
             The game lasted 00:17:51 (3393 turns).

lesbiats the Shooter (Minotaur Hunter)              Turns: 3393, Time: 00:17:53

Health: 0/38       AC:  9    Str: 16    XL:     4   Next: 92%
Magic:  3/3        EV:  7    Int:  6    God:    Fedhas [**....]
Gold:   82         SH:  0    Dex: 15    Spells: 3/3 levels left

rFire   . . .      SeeInvis .   v - +1 dagger (vamp)
rCold   . . .      Faith    .   (no shield)
rNeg    . . .      Spirit   .   j - +0 chain mail
rPois   .          Reflect  .   (helmet restricted)
rElec   .          Harm     .   o - +0 cloak
rCorr   .          Rampage  .   (no gloves)
Will    .....                   (no boots)
Stlth   ..........              (no amulet)
HPRegen 0.12/turn               (no ring)
MPRegen 0.08/turn               (no ring)

@: no status effects
A: horns 2, retaliatory headbutt
a: Renounce Religion, Wall of Briars


You were on level 3 of the Dungeon.
You worshipped Fedhas.
Fedhas was pleased with you.
You visited 1 branch of the dungeon, and saw 3 of its levels.

You collected 82 gold pieces.

Inventory:

Hand Weapons
 a - a +0 shortbow
 b - a +0 dagger of freezing
 e - a +0 dagger
 l - a +1 dagger of draining
 v - a +1 vampiric dagger (weapon)
Missiles
 k - 5 poisoned darts
Armour
 c - a +0 leather armour
 g - a +0 leather armour
 h - a +0 ring mail
 j - a +0 chain mail (worn)
 o - a +0 cloak (worn)
 w - a +0 scale mail
Wands
 s - a wand of polymorph (8)
Scrolls
 f - a scroll of fear {unknown}
 i - 4 scrolls of identify {unknown}
 m - 2 scrolls of vulnerability {unknown}
 p - a scroll of teleportation {unknown}
 r - a scroll of noise {unknown}
 t - a scroll of magic mapping {unknown}
 x - a scroll of silence {unknown}
 y - a scroll of torment {unknown}
Potions
 d - a potion of might {unknown}
 n - 2 potions of haste {unknown}
 q - 2 potions of curing {unknown}
 u - a potion of flight {unknown}


   Skills:
 + Level 3.4 Fighting
 + Level 0.2 Short Blades
 + Level 5.0 Ranged Weapons
 + Level 1.2 Armour
 + Level 3.1 Dodging
 + Level 2.0 Stealth
 * Level 1.0 Invocations


You had 3 spell levels left.
You didn't know any spells.
Your spell library was empty.

Dungeon Overview and Level Annotations

Branches:
Dungeon (3/15)

Altars:
Fedhas
Hepliaklqana

Shops:
D:1 =


Innate Abilities, Weirdness & Mutations

You have a pair of horns on your head.
You reflexively headbutt those who attack you in melee.


Message History

A gnoll comes into view. It is wielding a +0 halberd.
The gnoll bouda gazes fiercely through you!
You feel your attacks grow feeble.
The gnoll bouda hits you but does no damage.
You shoot an arrow.
The arrow barely misses the gnoll bouda.
The gnoll shouts!
The arrow hits the gnoll!
You kill the gnoll!
Fedhas appreciates your contribution to the ecosystem.
The gnoll bouda hits you with a +0 club.
The gnoll hits you from afar with a +0 halberd.
The gnoll bouda barks out a call to the hunt!
The gnoll completely misses you.
Your life force feels restored.
Your Stealth skill increases to level 2!
Your Invocations skill increases to level 1!
You feel a sense of dread.
v - a +1 vampiric dagger (weapon)
The gnoll bouda hits you but does no damage.
You hit the gnoll bouda but do no damage.
The gnoll bouda is lightly wounded.
The gnoll barely misses you. The gnoll bouda barely misses you.
You hit the gnoll bouda.
You feel better.
The gnoll bouda is lightly wounded.
The gnoll closely misses you.
The gnoll bouda hits you with a +0 club.
You hit the gnoll bouda.
You feel better.
The gnoll bouda is lightly wounded.
The gnoll hits you from afar with a +0 halberd!
* * * LOW HITPOINT WARNING * * *
The gnoll bouda hits you with a +0 club.
* * * LOW HITPOINT WARNING * * *
You hit the gnoll bouda but do no damage.
You headbutt the gnoll bouda.
The gnoll bouda is moderately wounded.
Your attacks no longer feel as feeble.
The gnoll hits you from afar with a +0 halberd!
You die...
Fedhas appreciates your contribution to the ecosystem.

#.# #.#
#.# #.#
#.# #.#
#.# #.#
#@# #g#
#)g....g.
####g#.#.
#


You could see a gnoll bouda and a gnoll (swift).

Vanquished Creatures
  A gnoll (D:3)
  4 adders (D:2)
  A river rat (D:3)
  A worm (D:2)
  3 dart slugs
  5 orcs (D:3)
  6 endoplasms
  3 giant cockroaches (D:1)
  6 hobgoblins
  5 kobolds
  6 quokkas
  3 ball pythons
  6 bats
  2 frilled lizards (D:1)
  5 goblins
  6 rats
63 creatures vanquished.

Notes
Turn   | Place    | Note
-------+----------+-------------------------------------------
     0 | D:1      | lesbiats the Minotaur Hunter began the quest for the Orb.
     0 | D:1      | Reached XP level 1. HP: 18/18 MP: 0/0
   162 | D:1      | Reached skill level 1 in Stealth
   279 | D:1      | Reached XP level 2. HP: 20/25 MP: 1/1
   403 | D:1      | Found Wioseppo's Jewellery Emporium.
   727 | D:1      | Reached XP level 3. HP: 26/31 MP: 2/2
  1732 | D:2      | Found a faded altar of an unknown god.
  2011 | D:2      | Prayed at the altar of an unknown god.
  2011 | D:2      | Became a worshipper of Fedhas Madash
  2011 | D:2      | Reached * piety under Fedhas
  2082 | D:2      | Reached skill level 1 in Armour
  2272 | D:2      | Reached XP level 4. HP: 35/35 MP: 3/3
  2942 | D:3      | Found a hazy altar of Hepliaklqana.
  2995 | D:3      | Reached ** piety under Fedhas
  3025 | D:3      | Reached skill level 5 in Ranged Weapons
  3389 | D:3      | Reached skill level 1 in Invocations
  3393 | D:3      | Slain by a gnoll

Illustrated notes

Levels and vault maps discovered:
D:1:      lemuel_arrival_funnel, layout_loops_corners, serial_shops, shop
D:2:      layout_basic, ebering_ecumenical_altar_sacrificial
D:3:      layout_loops_ring, nicolae_overflow_crystal_walls,
          mainiacjoe_overflow_catwalk

Skill      XL: |  1  2  3  4 |
---------------+-------------+-----
Stealth        | 1 2 |  2.0
Fighting       | 3 |  3.4
Armour         | 1 |  1.2
Dodging        | 3 |  3.1
Ranged Weapons | 5 |  5.0
Invocations    | 1 |  1.0
Short Blades   | |  0.2

Action                   |  1- 3 |  4- 6 || total
-------------------------+-------+-------++-------
Melee: Dagger            |       |    25 ||    25
       Headbutt          |       |     7 ||     7
 Fire: Shortbow          |   134 |    57 ||   191
Invok: Wall of Briars    |       |     1 ||     1
Evoke: Wand              |       |     1 ||     1
  Use: Scroll            |     1 |       ||     1
Armor: Leather armour    |     5 |       ||     5
       Chain mail        |    58 |    37 ||    95
Dodge: Dodged            |    49 |    19 ||    68

Table legend: (Time is in decaauts)
 A = Elapsed time spent in this place.
 B = Non-inter-level travel time spent in this place.
 C = Inter-level travel time spent in this place.
 D = Time resting spent in this place.
 E = Time spent auto-exploring this place.
 F = Levels seen in this place.
 G = Mean time per level.
                   A        B        C        D        E       F      G
               +--------+--------+--------+--------+--------+-----+--------+
         Total |   3512 |   3501 |     11 |    910 |   1719 |   3 | 1170.7 |
       Dungeon |   3512 |   3501 |     11 |    910 |   1719 |   3 | 1170.7 |
               +--------+--------+--------+--------+--------+-----+--------+

Top non-repeatable levels by time:
     D:1: 1484 daAuts
     D:2: 1426 daAuts
     D:3: 600 daAuts
